 Dungeon Crawl Stone Soup version 0.30-a0-540-g0af01429fa (webtiles) character file.

Game seed: 12536208853561456998

20 Jase the Chopper (level 2, -1/26 HPs)
             Began as a Hill Orc Fighter on Dec 26, 2022.
             Slain by a gnoll
             ... wielding a +0 halberd
              (10 damage)
             ... on level 2 of the Dungeon.
             The game lasted 00:01:24 (974 turns).

Jase the Chopper (Hill Orc Fighter)                  Turns: 974, Time: 00:01:24

Health: -1/26      AC:  9    Str: 18    XL:     2   Next: 79%
Magic:  2/2        EV:  7    Int:  8    God:
Gold:   88         SH:  0    Dex: 10    Spells: 1/1 levels left

rFire   . . .      SeeInvis .    a - +0 war axe
rCold   . . .      Faith    .    (no shield)
rNeg    . . .      Spirit   .    l - +0 chain mail
rPois   .          Reflect  .    (no helmet)
rElec   .          Harm     .    (no cloak)
rCorr   .          Rampage  .    (no gloves)
Will    .....                    (no boots) Stlth
                                 (no amulet)
HPRegen 0.24/turn                (no ring)
MPRegen 0.08/turn                (no ring)

@: no status effects
A: no striking features
a: no special abilities


You were on level 2 of the Dungeon.
You visited 1 branch of the dungeon, and saw 2 of its levels.

You collected 88 gold pieces.

Inventory:

Hand Weapons
 a - a +0 war axe (weapon)
Missiles
 c - 4 stones (quivered)
 j - 4 boomerangs of dispersal
Armour
 l - a +0 chain mail (worn)
Scrolls
 f - 2 scrolls of identify {unknown}
Potions
 d - 2 potions of might
 e - a potion of mutation {unknown}
 g - a potion of curing {unknown}
 h - 2 potions of cancellation {unknown}
 i - a potion of ambrosia {unknown}
 k - a potion of brilliance {unknown}


   Skills:
 - Level 3.6 Fighting
 + Level 4.3 Axes
 - Level 3.2 Armour
 - Level 3.2 Shields


You had one spell level left.
You didn't know any spells.
Your spell library was empty.

Dungeon Overview and Level Annotations

Branches:
Dungeon (2/15)

Altars:


Message History

A goblin comes into view. It is wielding a +0 dagger.
The goblin shouts!
You hear a shout!
You see here 8 gold pieces.
You now have 75 gold pieces (gained 8).
You slash the goblin!
You kill the goblin!
You now have 88 gold pieces (gained 13).
You see here a +0 chain mail.
l - a +0 chain mail You start removing your armour.
You continue taking off your +0 scale mail. x4
You finish taking off your +0 scale mail.
You start putting on your armour.
You continue putting on your +0 chain mail. x5
You finish putting on your +0 chain mail.
You drop a +0 scale mail.
Found a stone staircase leading down.
A gnoll comes into view. It is wielding a +0 halberd.
You see here a +0 dagger.
The gnoll shouts!
The gnoll hits you but does no damage.
A gnoll comes into view. It is wielding a +0 spear.
The gnoll shouts!
You hit the gnoll.
The gnoll is moderately wounded.
You hear an angry hiss.
You hear a shout!
The gnoll hits you with a +0 halberd. The gnoll hits you but does no damage.
You hit the gnoll.
The gnoll is moderately wounded.
The gnoll hits you with a +0 halberd. The gnoll closely misses you.
You hit the gnoll.
The gnoll is heavily wounded.
The gnoll hits you but does no damage. The gnoll closely misses you.
The gnoll hits you with a +0 halberd!
The gnoll hits you from afar with a +0 spear.
You are too injured to fight recklessly!
You barely miss the gnoll.
The gnoll is heavily wounded.
The gnoll hits you with a +0 halberd!
You die...

##. ### .. #.. #.###
#.# #.#.## #.# #....##
#># ##.....## #.#
##......<####.########
#...........).@g......
##.......##.#.##g.....
## ##.....###.#.#
.###.
..###.......[.#.# #
#...###..######.#
.......).[...##.#
.......>.........
.....##.####.....
#...###.# ###


You could see 2 gnolls.

Vanquished Creatures
  3 bats (D:1)
  2 endoplasms (D:1)
  A giant cockroach (D:1)
  A goblin (D:2)
  A hobgoblin (D:1)
  4 jackals (D:1)
  A quokka (D:1)
  2 frilled lizards (D:1)
  2 kobolds (D:1)
17 creatures vanquished.

Notes
Turn   | Place    | Note
-------+----------+-------------------------------------------
     0 | D:1      | Jase the Hill Orc Fighter began the quest for the Orb.
     0 | D:1      | Reached XP level 1. HP: 19/19 MP: 1/1
   113 | D:1      | Reached skill level 3 in Axes
   340 | D:1      | Reached XP level 2. HP: 22/26 MP: 2/2
   513 | D:1      | Reached skill level 4 in Axes
   974 | D:2      | Slain by a gnoll

Illustrated notes

Levels and vault maps discovered:
D:1:      dpeg_arrival_pond, layout_basic
D:2:      minmay_evil_eye, layout_loops_ring,
          shapermc_ecumenical_altar_flowoftime

Skill      XL: |  1  2 |
---------------+-------+-----
Axes           | 3 4 |  4.3
Fighting       | |  3.6
Armour         | |  3.2
Shields        | |  3.2

Action                   || total
-------------------------++-------
Melee: War axe           ||    62
Armor: Scale mail        ||    34
       Chain mail        ||     3
Dodge: Dodged            ||    39

Table legend: (Time is in decaauts)
 A = Elapsed time spent in this place.
 B = Non-inter-level travel time spent in this place.
 C = Inter-level travel time spent in this place.
 D = Time resting spent in this place.
 E = Time spent auto-exploring this place.
 F = Levels seen in this place.
 G = Mean time per level.
                   A        B        C        D        E       F      G
               +--------+--------+--------+--------+--------+-----+--------+
         Total |    993 |    976 |     17 |      0 |    805 |   2 |  496.5 |
       Dungeon |    993 |    976 |     17 |      0 |    805 |   2 |  496.5 |
               +--------+--------+--------+--------+--------+-----+--------+

Top non-repeatable levels by time:
     D:1: 940 daAuts
     D:2: 52 daAuts
